 Dungeon Crawl Stone Soup version 0.16.1-7-g2c6721e (webtiles) character file.

279 wojtek the Cutter (level 6, -4/33 HPs)
             Began as a Kobold Assassin on Mar 29, 2015.
             Slain by a centaur skeleton (5 damage)
             ... on level 4 of the Dungeon.
             The game lasted 00:06:43 (5105 turns).

wojtek the Cutter (Kobold Assassin)                 Turns: 5105, Time: 00:06:43

Health: -4/33      AC:  3    Str:  8    XL:     6   Next: 52%
Magic:  6/6        EV: 16    Int: 11    God:
Gold:   184        SH:  0    Dex: 17    Spells: 0 memorised, 5 levels left

rFire  . . .     SeeInvis .     a - +2 dagger
rCold  . . .     Clarity  .     c - +0 robe
rNeg   . . .     SustAb   .     (no shield)
rPois  .         Gourm    .     (no helmet)
rElec  .         Spirit   .     d - +0 cloak
rCorr  .         Warding  .     r - +0 pair of gloves
rMut   .         Stasis   .     (no boots)
MR     .....                    (no amulet)
Stlth  +++.......               (no ring)
                                (no ring)

@: lethally poisoned (-4 -> -5), not resistant to hostile enchantments, fairly
stealthy
A: carnivore 3, deformed body, frail 1, weak 1
a: no special abilities


You were on level 4 of the Dungeon.
You were very full.

You visited 1 branch of the dungeon, and saw 4 of its levels.

You collected 184 gold pieces.

Inventory:

Hand weapons
 a - a +2 dagger (weapon)
 b - a +0 blowgun
Missiles
 t - 6 needles of confusion
Armour
 c - a +0 robe (worn)
 d - a +0 cloak (worn)
 r - a +0 pair of gloves (worn)
Magical devices
 v - a wand of flame (23)
Scrolls
 i - 4 scrolls of remove curse {unknown}
 j - 3 scrolls of identify {unknown}
 k - a scroll of fear {unknown}
 m - 2 scrolls of enchant weapon {unknown}
 n - a scroll of enchant armour {unknown}
 q - 2 scrolls of recharging {unknown}
 s - a scroll of noise {unknown}
 u - a scroll of blinking {unknown}
 x - a scroll of teleportation {unknown}
Potions
 w - a potion of cancellation {unknown}
Comestibles
 g - 4 meat rations
 l - a slice of pizza
 o - 2 beef jerkies


   Skills:
 + Level 3.1 Fighting
 - Level 7.4 Short Blades
 - Level 2.6 Throwing
 + Level 2.8 Dodging
 - Level 5.3 Stealth


You had 5 spell levels left.
You didn't know any spells.

Dungeon Overview and Level Annotations

Branches:
Dungeon (4/15)
 Temple: D:4-7

Altars:

Annotations:
D:3 Sigmund
D:4 exclusion: 2 wights


Innate Abilities, Weirdness & Mutations

You are small and have problems with some larger weapons.
You are carnivorous and can eat meat at any time.
Armour fits poorly on your strangely shaped body.
You are frail (-10% HP).
You are weak. (Str -2)


Message History

The hound barely misses you.
You hit the hound.
You kill the hound!
Your Fighting skill increases to level 3!
You hit the centaur skeleton.
You feel sick.
You hit the centaur skeleton.
The centaur skeleton closely misses you.
You hit the centaur skeleton. The centaur skeleton hits you!
* * * LOW HITPOINT WARNING * * *
You hit the centaur skeleton.
The centaur skeleton hits you but does no damage.
You hit the centaur skeleton. You hit the centaur skeleton.
The centaur skeleton hits you but does no damage.
You hit the centaur skeleton.
* * * LOW HITPOINT WARNING * * *
You feel sick.
The centaur skeleton closely misses you.
You hit the centaur skeleton. The centaur skeleton hits you.
You die...

##########
########
####......#
#.........#
#.##......########
#@#####...........
#Z###############.
##a#........ #...
##....# #.##
#.....# ####+###.#
###....##
.........#
#...%..#
.........#
#####..#
.........## #.%#
...........


You could see a worker ant and a centaur skeleton.

Vanquished Creatures
  An orc wizard (D:4)
  A hound (D:4)
  An orc priest (D:3)
  A worker ant (D:4)
  Natasha (thrice) (D:3)
  Ijyb (D:3)
  3 adders
  2 worms
  An adder skeleton (D:3)
  A giant gecko (D:4)
  An ooze (D:3)
  7 orcs
  2 giant cockroaches
  2 goblins
  4 hobgoblins
  9 jackals
  6 kobolds
  2 quokkas
  10 bats
  A giant gecko skeleton (D:4)
  4 giant newts
  A quokka skeleton (D:4)
  9 rats
73 creatures vanquished.

Notes
Turn   | Place    | Note
--------------------------------------------------------------
     0 | D:1      | wojtek, the Kobold Assassin, began the quest for the Orb.
     0 | D:1      | Reached XP level 1. HP: 12/12 MP: 1/1
   365 | D:1      | Reached XP level 2. HP: 11/17 MP: 2/2
  1134 | D:2      | Reached XP level 3. HP: 8/21 MP: 3/3
  1605 | D:2      | Reached skill level 5 in Short Blades
  1805 | D:2      | Reached XP level 4. HP: 17/26 MP: 4/4
  2423 | D:3      | Noticed Ijyb
  2438 | D:3      | Killed Ijyb
  2518 | D:3      | Noticed Sigmund
  2889 | D:3      | Noticed Natasha
  2908 | D:3      | Killed Natasha
  2908 | D:3      | Reached skill level 6 in Short Blades
  2908 | D:3      | Reached XP level 5. HP: 13/30 MP: 5/5
  3216 | D:3      | Noticed Natasha
  3228 | D:3      | Killed Natasha
  3490 | D:3      | Noticed Natasha
  3502 | D:3      | Killed Natasha
  4113 | D:3      | Reached skill level 7 in Short Blades
  4533 | D:4      | Reached XP level 6. HP: 13/36 MP: 6/6
  4961 | D:4      | HP: 1/36 [poisoned by a worker ant]
  4963 | D:4      | Gained mutation: Armour fits poorly on your strangely shaped body. [potion of mutation]
  4963 | D:4      | Gained mutation: You are frail (-10% HP). [potion of mutation]
  4963 | D:4      | Gained mutation: You are weak. (Str -2) [potion of mutation]
  5104 | D:4      | HP: 1/33 [poisoned by a worker ant]
  5105 | D:4      | Slain by a centaur skeleton

Action                   |  1- 3 |  4- 6 || total
-------------------------+-------+-------++-------
Melee: Dagger            |    99 |   283 ||   382
 Fire: Blowgun           |     1 |    13 ||    14
  Use: Potion            |       |     4 ||     4
 Stab: Sleeping          |     3 |     9 ||    12
       Distracted        |     1 |     1 ||     2
  Eat: Chunk             |    11 |    10 ||    21
